 Dungeon Crawl Stone Soup version 0.22-a0-348-gd16d139 (webtiles) character file.

63 Goblin1989 the Chiller (level 3, 0/25 HPs)
             Began as a Demonspawn Ice Elementalist on Apr 10, 2018.
             Was a Believer of Uskayaw.
             Slain by Sigmund
             ... wielding a +2 scythe of slicing
              (2 damage)
             ... on level 2 of the Dungeon.
             The game lasted 00:07:55 (3581 turns).

Goblin1989 the Chiller (DsIE)                       Turns: 3581, Time: 00:07:56

Health: 0/25       AC:  2    Str:  8    XL:     3   Next: 87%
Magic:  0/6        EV: 12    Int: 17    God:    Uskayaw [**....]
Gold:   69         SH:  0    Dex: 13    Spells: 4/7 levels left

rFire    . . .     SeeInvis .   r - +0 whip
rCold    . . .     Gourm    .   (no shield)
rNeg     . . .     Faith    .   a - +0 robe
rPois    .         Spirit   +   (no helmet)
rElec    .         Reflect  .   (no cloak)
rCorr    .         Harm     .   (no gloves)
MR       .....                  (no boots)
Stlth    +.........             (no amulet)
HPRegen  0.08/turn              (no ring)
MPRegen  0.10/turn              (no ring)

@: confused
A: talons 1, magic shield
a: Stomp, Line Pass, Renounce Religion


You were on level 2 of the Dungeon.
You worshipped Uskayaw.
Uskayaw was noncommittal.
You were hungry.

You visited 1 branch of the dungeon, and saw 3 of its levels.

You collected 69 gold pieces.

Inventory:

Hand Weapons
 r - a +0 whip (weapon)
Missiles
 s - 7 javelins (quivered) {@Q2}
Armour
 a - a +0 robe (worn)
 p - a +0 shield
 t - a +0 ring mail
Scrolls
 h - 4 scrolls of remove curse {unknown}
 i - a scroll of random uselessness {unknown}
 k - 2 scrolls of teleportation {unknown}
 m - 3 scrolls of identify {unknown}
Potions
 f - a potion of flight {unknown}
 g - 2 potions of might {unknown}
 n - a potion of curing {unknown}
 o - 3 potions of lignification {unknown}
 q - 2 potions of resistance {unknown}
 u - a potion of berserk rage {unknown}
Comestibles
 e - 2 rations


   Skills:
 + Level 0.3 Fighting
 * Level 0.5 Maces & Flails
 + Level 0.2 Armour
 - Level 1.7 Dodging
 - Level 1.7 Stealth
 + Level 0.2 Shields
 - Level 2.5 Spellcasting
 - Level 1.0 Conjurations
 - Level 3.7 Ice Magic
 + Level 0.3 Invocations


You had 4 spell levels left.
You knew the following spells:

 Your Spells              Type           Power        Failure   Level  Hunger
a - Throw Frost           Conj/Ice       ##....       11%         2    ##.....
b - Freeze                Ice            ##..         4%          1    #......


Dungeon Overview and Level Annotations

Branches:
Dungeon (3/15)

Altars:
Uskayaw

Annotations:
D:2 Sigmund


Innate Abilities, Weirdness & Mutations

You have sharp toenails.
When hurt, damage is shared between your health and your magic reserves.


Message History

Casting: Throw Frost (safe; 11% risk of failure)
Confirm with . or Enter, or press ? or * to list all spells.
Aiming: Throw Frost (safe; 11% risk of failure)
Press: ? - help, Shift-Dir - straight line, f/p - kobold
Aim: a kobold The puff of frost hits the kobold.
You kill the kobold!
You now have 2/6 mp.
Casting: Throw Frost (safe; 11% risk of failure)
Confirm with . or Enter, or press ? or * to list all spells.
You can't see any susceptible monsters within range! (Use Z to cast anyway.)
Casting: Throw Frost (safe; 11% risk of failure)
Confirm with . or Enter, or press ? or * to list all spells.
You can't see any susceptible monsters within range! (Use Z to cast anyway.)
Your magical contamination has completely faded away.
There is an escape hatch in the ceiling here.
Marking area around Sigmund as unsafe for travelling.
Sigmund the Dreaded comes into view.
He is wielding a scythe of slicing.
MP restored: 6 Unknown command.
Casting: Throw Frost (safe; 11% risk of failure)
Confirm with . or Enter, or press ? or * to list all spells.
Aiming: Throw Frost (safe; 11% risk of failure)
Press: ? - help, Shift-Dir - straight line, f - Sigmund
Aim: Sigmund, wielding a scythe of slicing and wearing a robe (resting)
The puff of frost hits Sigmund.
Sigmund is moderately wounded.
Sigmund shouts!
You are feeling hungry.
Sigmund closely misses you.
You now have 4/6 mp.
Casting: Throw Frost (safe; 11% risk of failure)
Confirm with . or Enter, or press ? or * to list all spells.
Aiming: Throw Frost (safe; 11% risk of failure)
Press: ? - help, Shift-Dir - straight line, f/p - Sigmund
Aim: Sigmund, wielding a scythe of slicing and wearing a robe (moderately wounded)
The puff of frost misses Sigmund.
Sigmund hits you from afar with a scythe of slicing.
You take 2 damage, and have 23/25 hp.
You now have 2/6 mp.
Okay, then.
Casting: Throw Frost (safe; 11% risk of failure)
Confirm with . or Enter, or press ? or * to list all spells.
Aiming: Freeze (safe; 4% risk of failure)
Press: ? - help, Shift-Dir - straight line, f/p - Sigmund
Aim: Sigmund, wielding a scythe of slicing and wearing a robe (moderately wounded)
You freeze Sigmund.
Sigmund is heavily wounded.
Sigmund closely misses you.
You can now pass through a line of other dancers.
You now have 1/6 mp.
Casting: Freeze (safe; 4% risk of failure)
Confirm with . or Enter, or press ? or * to list all spells.
Aiming: Freeze (safe; 4% risk of failure)
Press: ? - help, Shift-Dir - straight line, f/p - Sigmund
Aim: Sigmund, wielding a scythe of slicing and wearing a robe (heavily wounded)
You freeze Sigmund.
Sigmund is severely wounded.
Sigmund barely misses you.
You now have 0/6 mp.
Casting: Freeze (safe; 4% risk of failure)
Confirm with . or Enter, or press ? or * to list all spells.
You don't have enough magic to cast that spell.
You closely miss Sigmund. You claw Sigmund.
Sigmund is severely wounded.
You hit Sigmund. You claw Sigmund, but do no damage.
Sigmund is severely wounded.
Sigmund hits you with a scythe of slicing.
Uskayaw will force your foes to helplessly watch your dance.
Uskayaw prepares the audience for your solo!
You take 7 damage, and have 16/25 hp.
MASSIVE DAMAGE!!
The helpless Sigmund fails to defend himself.
You hit Sigmund.
Sigmund is almost dead.
Sigmund is no longer paralysed.
Sigmund barely misses you.
You barely miss Sigmund. You claw Sigmund, but do no damage.
Sigmund is almost dead.
You barely miss Sigmund.
Sigmund is almost dead.
Sigmund gestures at you while chanting. The puff of flame misses you.
You closely miss Sigmund. Your kick misses Sigmund.
Sigmund is almost dead.
Sigmund misses you.
You closely miss Sigmund.
Sigmund is almost dead.
Sigmund points at you and mumbles some strange words.
The puff of flame hits you!
* * * LOW HITPOINT WARNING * * *
You take 6 damage, and have 10/25 hp.
MASSIVE DAMAGE!!
You now have 0/6 mp.
You barely miss Sigmund.
Sigmund is almost dead.
Sigmund misses you.
You hit Sigmund.
Sigmund is almost dead.
Sigmund casts a spell at you.
You are confused.
You bump into the rock wall.
Sigmund hits you with a scythe of slicing!
* * * LOW HITPOINT WARNING * * *
You die...

█.....███████........
█..........██████....
█.....████...........
██...██ ████...)....
██.██ █<███.... █.█
█.█ █..(. █.█
█.████).. █.███
█.██..... █.@@█
█....████ █.█.█
████..... █.█.█
█.████ █⌂█.█ █.█...
█.█.█ ██████.█.██
█.█.█ █......█...
█.█.█ █.████.████
█.█.█ █.█ █.....
█.█.█ █.█ ████..


You could see Sigmund.

Vanquished Creatures
  An adder (D:2)
  An ooze (D:1)
  A worm (D:2)
  3 leopard geckos
  2 ball pythons (D:1)
  3 giant cockroaches
  6 goblins (D:1)
  6 hobgoblins
  2 jackals (D:2)
  6 kobolds
  A quokka (D:2)
  A bat (D:2)
  3 frilled lizards
  6 rats
42 creatures vanquished.

Notes
Turn   | Place    | Note
-------+----------+-------------------------------------------
     0 | D:1      | Goblin1989 the Demonspawn Ice Elementalist began the quest for the Orb.
     0 | D:1      | Reached XP level 1. HP: 13/13 MP: 3/3
   129 | D:1      | Reached skill level 3 in Ice Magic
   431 | D:1      | Gained mutation: You have sharp toenails. [demonic ancestry]
   431 | D:1      | Reached XP level 2. HP: 19/19 MP: 0/5
   922 | D:1      | Learned a level 2 spell: Throw Frost
  1328 | D:1      | Gained mutation: When hurt, damage is shared between your health and your magic reserves. [demonic ancestry]
  1328 | D:1      | Reached XP level 3. HP: 24/24 MP: 3/6
  2502 | D:2      | Found a hide-covered altar of Uskayaw.
  2544 | D:2      | Became a worshipper of Uskayaw the Reveler
  2595 | D:2      | Reached * piety under Uskayaw
  3566 | D:2      | Noticed Sigmund
  3570 | D:2      | Reached ** piety under Uskayaw
  3573 | D:2      | Reached *** piety under Uskayaw
  3581 | D:2      | Slain by Sigmund

Vault maps used:
D:1:      moated_graveyard_arrival, minmay_misc_feat_iff
D:2:      overflow_temple_1_default, roderic_lattice_a, uniq_sigmund
D:3:      first_ration

Skill      XL: |  1 |
---------------+----+-----
Ice Magic      | 3 |  3.7
Fighting       | |  0.3
Maces & Flails | |  0.5
Armour         | |  0.2
Dodging        | |  1.7
Stealth        | |  1.7
Shields        | |  0.2
Spellcasting   | |  2.5
Conjurations   | |  1.0
Invocations    | |  0.3

Action                   || total
-------------------------++-------
Melee: Unarmed           ||    25
       Kick              ||    10
       Whip              ||    32
 Cast: Freeze            ||    29
       Throw Frost       ||    39
 Stab: Paralysed         ||     1
  Eat: Chunk             ||     7
       Ration            ||     1
Armor: Robe              ||    12
Dodge: Dodged            ||    68

Table legend:
 A = Spawn XP
 B = Non-spawn XP
 C = Spawn XP percentage of total XP
 D = Spawn monster count
 E = Non-spawn monster count
 F = Spawn count percentage of total count
 G = Total turns spent on level
                    A         B        C        D         E        F      G
               +---------+---------+-------+---------+---------+-------+---------
         Total |       0 |      90 |   0.0 |       0 |      42 |   0.0 |  3581
               +---------+---------+-------+---------+---------+-------+---------
           D:1 |       0 |      43 |   0.0 |       0 |      23 |   0.0 |  2229
           D:2 |       0 |      47 |   0.0 |       0 |      19 |   0.0 |  1350
               +---------+---------+-------+---------+---------+-------+---------

Vault maps used:
D:1:      moated_graveyard_arrival, minmay_misc_feat_iff
D:2:      overflow_temple_1_default, roderic_lattice_a, uniq_sigmund
D:3:      first_ration
